 Dungeon Crawl Stone Soup version 0.31-a0-258-gd316b798dc (webtiles) character file.

Game seed: 17184608237199092144

281 qw the Shooter (level 6, -3/37 HPs)
             Began as a Gargoyle Hexslinger on July 13, 2023.
             Slain by an ogre
             ... wielding a +0 giant club
              (19 damage)
             ... on level 4 of the Dungeon.
             The game lasted 00:01:12 (2446 turns).

qw the Shooter (Gargoyle Hexslinger)                Turns: 2446, Time: 00:01:12

Health: -3/37      AC:  8    Str:  9 (11) XL:     6   Next: 27%
Magic:  7/7        EV: 12    Int: 13 (14) God:
Gold:   133        SH:  0    Dex: 13 (14) Spells: 6/7 levels left

rFire   . . .        Y - +1 sling (drain)
rCold   + . .        (no shield)
rNeg    + . .        e - +1 robe of the Buccaneer {rC+}
rPois   inf          (no helmet)
rElec   +            (no cloak)
rCorr   .            i - +0 pair of gloves
SInv    .            (no boots)
Will    .....        (no amulet)
Stlth   +            (no ring)
HPRegen 0.26/turn    (no ring)
MPRegen 0.10/turn

%: no passive effects
@: no status effects
A: sickness immunity, AC +4, negative energy resistance 1, electricity
resistance, torment resistance 1, petrification resistance
a: no special abilities


You were on level 4 of the Dungeon.
You visited 1 branch of the dungeon, and saw 4 of its levels.

You collected 133 gold pieces.


Innate Abilities, Weirdness & Mutations

You are immune to sickness and miasma.
Your stone body is resilient. (AC +4)
You are immune to poison.
You resist negative energy. (rN+)
You are resistant to electric shocks. (rElec)
You are resistant to unholy torment.
You are immune to petrification.


   Skills:
 - Level 3.1 Fighting
 + Level 5.1 Ranged Weapons
 - Level 2.4 Armour
 - Level 1.5 Dodging
 - Level 1.0 Spellcasting
 - Level 2.6 Hexes


You had 6 spell levels left.
You knew the following spells:

 Your Spells              Type           Power      Damage    Failure   Level
a - Slow                  Hex            28%        N/A       10%         1

Your spell library contained the following spells:

 Spells                   Type           Power      Damage    Failure   Level
 Inner Flame              Hex/Fire       4%         N/A       43%         3
 Portal Projectile        Hex/Tloc       8%         N/A       43%         3
 Cause Fear               Hex            3%         N/A       67%         4

Inventory:

Hand Weapons
 Y - a +1 sling of draining (weapon)
Armour
 d - a +0 ring mail
 e - the +1 robe of the Buccaneer (worn) {rC+}
   (You took it off a hobgoblin on level 3 of the Dungeon)

   rC:        It protects you from cold.
 i - a +0 pair of gloves (worn)
Jewellery
 a - a ring of wizardry
Potions
 c - a potion of magic {unknown}
 h - a potion of curing {unknown}

Dungeon Overview and Level Annotations

Branches:
Dungeon (4/15)
 Temple: D:4-7

Altars:
Hepliaklqana
Makhleb
Qazlal
Sif Muna
Wu Jian
The Shining One


Message History

The hound bites you. The ogre closely misses you. The hound barely misses you.
The orc hits you but does no damage.
You shoot a sling bullet. The sling bullet hits the hound.
You drain the hound.
The hound is severely wounded.
The hound bites you but does no damage. The orc closely misses you.
The ogre barely misses you. The hobgoblin barely misses you.
The hound closely misses you.
You shoot a sling bullet.
The sling bullet barely misses the hound.
The sling bullet barely misses the adder.
The hound closely misses you. The orc hits you but does no damage.
Something completely misses you.
The hobgoblin hits you but does no damage.
The ogre barely misses you.
You shoot a sling bullet. The sling bullet hits the hound.
You kill the hound!
The hobgoblin hits you but does no damage.
The orc hits you with a +0 short sword. Something hits you but does no damage.
The adder completely misses you.
You feel your strength returning.
You shoot a sling bullet. The sling bullet hits the ogre!
You drain the ogre.
The ogre is heavily wounded.
Something hits you but does no damage. The ogre barely misses you.
The hobgoblin barely misses you. The adder barely misses you.
You shoot a sling bullet. The sling bullet hits the ogre.
You drain the ogre.
The ogre is severely wounded.
The adder bites you but does no damage. The orc hits you but does no damage.
Something hits you.
The hobgoblin hits you but does no damage.
The ogre misses you. The adder misses you. The hobgoblin closely misses you.
The orc priest looks braver for a moment.
Something hits you.
You shoot a sling bullet.
The sling bullet completely misses the ogre.
The sling bullet closely misses the orc.
The adder bites you but does no damage. The orc completely misses you.
Something hits you but does no damage.
The ogre hits you with a +0 giant club!!
Ouch! That really hurt!
You die...

.%.##.###....###....).......#
.......#....##.........##..##
......................######
....................?..#
......................##
.##...................#
.#...<................##
......####................
......# #####..@Sw.......
....... #.gOoo.<......
.......# #...oo..$......
........ ........)...<...
###.....##..###.#.........
##........ ........... ..
.##..#.... #. ..##...


You could see an ogre (very drained), a worm, an orc priest, an adder, 3 orcs
and a hobgoblin.

Vanquished Creatures
  A scorpion (D:3)
  A howler monkey (D:3)
  A hound (D:4)
  2 orc wizards
  An adder (D:2)
  An ufetubus (D:3)
  A worm (D:2)
  3 dart slugs
  4 orcs
  9 ball pythons
  5 bats
  8 endoplasms
  5 giant cockroaches
  4 goblins
  9 hobgoblins
  8 jackals
  6 kobolds
  2 quokkas
  A frilled lizard (D:3)
  A rat (D:2)
73 creatures vanquished.

Notes
Turn   | Place    | Note
-------+----------+-------------------------------------------
     0 | D:1      | qw the Gargoyle Hexslinger began the quest for the Orb.
     0 | D:1      | Reached XP level 1. HP: 12/12 MP: 2/2
     0 | D:1      | 0 ||| qw: Version: 0.3-a-52-g30416fa
     0 | D:1      | 0 ||| qw: Game counter: 6824
     0 | D:1      | 0 ||| qw: Melee chars always use a shield: true
     0 | D:1      | 0 ||| qw: God list: Okawaru
     0 | D:1      | 0 ||| qw: Allow faded altars: false
     0 | D:1      | 0 ||| qw: Do Orc after clearing Dungeon:15 true
     0 | D:1      | 0 ||| qw: Do second Lair branch before Depths: true
     0 | D:1      | 0 ||| qw: Lair rune preference: random
     0 | D:1      | 0 ||| qw: Goals: Normal
     0 | D:1      | 0 ||| PLANNING D:1-11
    84 | D:1      | Reached XP level 2. HP: 16/16 MP: 3/3
   228 | D:1      | Reached skill level 3 in Ranged Weapons
   360 | D:1      | Reached XP level 3. HP: 18/21 MP: 4/4
   675 | D:1      | 675 ||| UPGRADING to +0 ring mail.
   685 | D:1      | 685 ||| DROPPING +0 robe.
   686 | D:1      | 686 ||| READING scroll labelled VAVIPN FUDDOSH.
   687 | D:1      | 687 ||| READING scroll labelled ACKUDYI OROFAI.
   692 | D:1      | 692 ||| DROPPING scroll of poison.
  1227 | D:2      | Reached XP level 4. HP: 26/26 MP: 5/5
  1283 | D:2      | 1283 ||| READING scroll labelled NEOZIDUSUX.
  1393 | D:3      | Noticed a scorpion
  1400 | D:3      | Reached skill level 4 in Ranged Weapons
  1405 | D:3      | Killed a scorpion
  1406 | D:3      | Reached XP level 5. HP: 12/30 MP: 6/6
  1497 | D:3      | Identified the +1 robe of the Buccaneer {rC+}
  1500 | D:3      | 1500 ||| FLEEEEING.
  1501 | D:3      | 1501 ||| FLEEEEING.
  1502 | D:3      | 1502 ||| FLEEEEING.
  1503 | D:3      | 1503 ||| FLEEEEING.
  1515 | D:3      | 1515 ||| FLEEEEING.
  1522 | D:3      | 1522 ||| STAIRDANCE
  1723 | D:3      | Found a glowing golden altar of the Shining One.
  1723 | D:3      | Found a hazy altar of Hepliaklqana.
  1723 | D:3      | Found a stormy altar of Qazlal.
  1723 | D:3      | Found a shimmering blue altar of Sif Muna.
  1737 | D:3      | Found a burning altar of Makhleb.
  1742 | D:3      | Found an ornate altar of the Wu Jian Council.
  1916 | D:3      | Reached skill level 5 in Ranged Weapons
  2045 | D:3      | Found a faded altar of an unknown god.
  2198 | D:3      | 2198 ||| UPGRADING to +1 robe of the Buccaneer {rC+}.
  2208 | D:3      | 2208 ||| UPGRADING to +0 pair of gloves.
  2213 | D:3      | 2213 ||| READING scroll labelled BUISKICRAF.
  2314 | D:3      | 2314 ||| READING scroll labelled ZUMACISEBBIPH.
  2315 | D:3      | 2315 ||| READING scroll labelled LALICETHRIUPT.
  2316 | D:3      | 2316 ||| READING scroll labelled NAFRABRYMO.
  2317 | D:3      | 2317 ||| DRINKING 2 fizzy yellow potions.
  2318 | D:3      | 2318 ||| DROPPING potion of degeneration.
  2359 | D:4      | Reached XP level 6. HP: 36/36 MP: 7/7
  2436 | D:4      | Reached skill level 3 in Fighting
  2446 | D:4      | Slain by an ogre

Levels and vault maps discovered:
D:1:      lemuel_arrival_muddy, layout_loops_ring
D:2:      layout_basic
D:3:      layout_basic, minmay_overflow_temple_hex,
          dreamdust_ecumenical_altar_hidden_monk_grotto
D:4:      dreamdust_elfheim, layout_cave_pools, minmay_temple_entry_glass

Skill      XL: |  1  2  3  4  5  6 |
---------------+-------------------+-----
Ranged Weapons | 3 4 5 |  5.1
Fighting       | 2 3 |  3.1
Armour         | 2 |  2.4
Dodging        | |  1.5
Spellcasting   | |  1.0
Hexes          | |  2.6

Action                     |  1- 3 |  4- 6 || total
---------------------------+-------+-------++-------
   Fire: Sling             |   124 |   156 ||   280
    Use: Scroll            |     2 |     5 ||     7
         Potion            |       |     1 ||     1
 Armour: Robe              |    13 |    18 ||    31
         Ring mail         |    23 |    74 ||    97
  Dodge: Dodged            |    49 |   110 ||   159

Table legend:
 A = Non-vault XP
 B = Vault XP
 C = Vault XP percentage of total XP
 D = Non-vault monster count
 E = Vault monster count
 F = Vault count percentage of total count
                 A         B        C        D         E       F
            +---------+---------+-------+---------+---------+-------
      Total |     402 |       0 |   0.0 |      73 |       0 |   0.0
            +---------+---------+-------+---------+---------+-------
        D:1 |      38 |       0 |   0.0 |      19 |       0 |   0.0
        D:2 |      47 |       0 |   0.0 |      17 |       0 |   0.0
        D:3 |     228 |       0 |   0.0 |      29 |       0 |   0.0
        D:4 |      89 |       0 |   0.0 |       8 |       0 |   0.0
            +---------+---------+-------+---------+---------+-------
